 Dungeon Crawl Stone Soup version 0.21.1-1-g345015f (webtiles) character file.

10908 sking99 the Severer (level 11, -9/97 HPs)
             Began as a Deep Dwarf Fighter on June 26, 2018.
             Was an Elder of Makhleb.
             Killed from afar by an ogre mage (28 damage)
             ... with a bolt of poison
             ... on level 11 of the Dungeon.
             The game lasted 00:28:20 (8433 turns).

sking99 the Severer (Deep Dwarf Fighter)            Turns: 8433, Time: 00:28:20

Health: -9/97      AC: 15    Str: 19    XL:     11   Next: 42%
Magic:  4/4        EV:  9    Int: 10    God:    Makhleb [****..]
Gold:   617        SH: 10    Dex: 15    Spells: 10/10 levels left

rFire    + . .     SeeInvis .   K - +2 war axe (elec)
rCold    . . .     Gourm    .   c - +0 shield
rNeg     . . .     Faith    .   b - +0 scale mail
rPois    .         Spirit   .   (no helmet)
rElec    .         Reflect  .   L - +2 cloak
rCorr    .         Harm     .   M - +0 pair of gloves
MR       +....                  (no boots)
Stlth    ..........             (no amulet)
HPRegen  0.00/turn              v - +3 ring of protection
MPRegen  0.09/turn              A - ring of protection from fire

@: lethally poisoned (-9 -> -17), non-regenerating, slowed, very slow
A: damage resistance, heal wounds, sense surroundings 2, no regeneration
a: Heal Wounds, Minor Destruction, Lesser Servant of Makhleb, Major Destruction,
Renounce Religion


You were on level 11 of the Dungeon.
You worshipped Makhleb.
Makhleb was greatly pleased with you.
You were not hungry.

You visited 2 branches of the dungeon, and saw 12 of its levels.
You also visited: Sewer.

You collected 617 gold pieces.

Inventory:

Hand Weapons
 a - a +1 war axe
 H - a +0 scimitar
 K - a +2 war axe of electrocution (weapon)
Armour
 b - a +0 scale mail (worn)
 c - a +0 shield (worn)
 E - a +0 cloak
 G - a cursed +0 plate armour
 L - a +2 cloak (worn)
 M - a +0 pair of gloves (worn)
Jewellery
 v - a +3 ring of protection (left hand)
 w - an uncursed ring of flight
 A - a ring of protection from fire (right hand)
 N - a +2 ring of strength
 R - a +4 ring of dexterity
 U - an uncursed amulet of rage {unknown}
Wands
 z - a wand of flame (64)
 I - a wand of digging (15)
 P - a wand of clouds (4)
 S - a wand of polymorph (16)
 T - a wand of paralysis (11)
Scrolls
 e - 4 scrolls of amnesia
 g - 4 scrolls of fear {unknown}
 h - 7 scrolls of enchant armour
 i - 3 scrolls of remove curse
 l - 2 scrolls of enchant weapon
 m - 6 scrolls of teleportation
 p - 2 scrolls of random uselessness
 q - 11 scrolls of identify
 x - 2 scrolls of fog {unknown}
 y - a scroll of blinking
 C - a scroll of magic mapping {unknown}
Potions
 d - 4 potions of might
 j - 3 potions of agility
 k - a potion of brilliance
 n - 8 potions of curing
 o - 2 potions of mutation
 r - a potion of degeneration
 s - 3 potions of heal wounds
 t - 4 potions of magic
 u - 2 potions of lignification
 B - a potion of ambrosia {unknown}
 D - 2 potions of haste {unknown}
 F - a potion of cancellation {unknown}
 J - a potion of flight {unknown}
Miscellaneous
 Q - a box of beasts
Comestibles
 f - 25 rations


   Skills:
 + Level 5.8 Fighting
 - Level 16.0 Axes
 + Level 7.0 Armour
 - Level 2.0 Dodging
 - Level 0.1 Stealth
 + Level 6.1 Shields


You had 10 spell levels left.
You didn't know any spells.

Dungeon Overview and Level Annotations

Branches:
Dungeon (11/15)            Temple (1/1) D:4            Lair (0/6) D:8
    Orc (0/2) D:9

Altars:
Ashenzari
Cheibriados
Dithmenos
Elyvilon
Fedhas
Gozag
Hepliaklqana
Kikubaaqudgha
Makhleb
Nemelex Xobeh
Okawaru
Qazlal
Ru
Sif Muna
Trog
Uskayaw
Vehumet
Wu Jian
Xom
Yredelemnul
Zin
The Shining One

Shops:
D:6 *   D:10 }


Innate Abilities, Weirdness & Mutations

You are resistant to damage.
You can heal yourself by infusing magical energy.
You passively map the area around you.
You do not regenerate.


Message History

a giant club; a dire flail You feel yourself speed up.
You hear some strange, mumbled words.
A bolt of poison appears from out of thin air!
The bolt of poison hits you!
You are more poisoned.
* * * LOW HITPOINT WARNING * * *
You feel very sick.
Found an escape hatch in the ceiling.
You feel sick.
You feel sick.
Found a stone staircase leading up.
An ogre mage appears from thin air!
Reactivating autopickup.
The ogre mage points at you and mumbles some strange words.
You feel yourself slow down.
The ogre mage points at you and mumbles some strange words.
The bolt of poison hits you!
You are more poisoned.
You die...

..,...........#.....#
...#* #.....<.#...(.#
###...##.......#.....#
..###....#####.#.....#
....###...####.......###
......###.).##..........
........###.†...O.......*
..........†##...........
........###.....@.......
......###..[##..(.......
....###...#.............
..###....##.#.###+##+###
###...#.....#..........
....###.###.......##.#.#
,... ..............##.#.#
#.,................#.#.#
# ,....#...........#.#.#


You could see an ogre mage.

Vanquished Creatures
  2 two-headed ogres
  An unseen horror (D:10)
  An ugly thing (D:11)
  A centaur zombie (D:10)
  Joseph (D:8)
  Maurice (D:8)
  A tengu conjurer (D:11)
  A freezing wraith (D:11)
  A troll (D:10)
  A hornet (D:7)
  2 hippogriffs
  A spriggan (D:7)
  Sigmund (D:5)
  4 yaks (D:9)
  2 hungry ghosts (D:10)
  The ghost of RottenKnight the Caller, an amateur MfSu (D:3)
  Menkaure (D:7)
  An acid dragon (D:11)
  A black bear (D:10)
  3 ice beasts
  A necrophage (D:8)
  7 orc warriors
  2 sky beasts (D:9)
  6 ogres
  2 centaurs
  3 phantoms
  2 crocodiles
  7 big kobolds
  6 bullfrogs
  A water moccasin zombie (D:11)
  4 killer bees (D:5)
  11 wights
  A howler monkey (D:6)
  2 crimson imps
  2 bullfrog zombies (D:9)
  A quasit (D:7)
  3 jellies
  5 orc priests
  A bullfrog skeleton (D:5)
  2 hounds
  5 orc wizards
  3 centaur skeletons
  3 iguanas
  4 worker ants
  2 howler monkey skeletons
  8 adders
  A river rat (Sewer)
  A shadow imp (D:8)
  2 oozes (Sewer)
  An adder skeleton (D:10)
  7 worms
  2 dart slugs
  8 leopard geckos
  35 orcs
  7 giant cockroaches
  6 goblins
  14 hobgoblins
  3 jackals (D:4)
  55 kobolds
  3 quokkas
  6 ball pythons
  5 bats
  5 frilled lizards
  A giant cockroach zombie (D:5)
  2 jackal zombies (D:6)
  A leopard gecko zombie (D:5)
  A quokka skeleton (D:8)
  11 rats
299 creatures vanquished.

Vanquished Creatures (collateral kills)
  A hippogriff (D:11)
  An adder (D:11)
2 creatures vanquished.

Grand Total: 301 creatures vanquished

Notes
Turn   | Place    | Note
-------+----------+-------------------------------------------
     0 | D:1      | sking99 the Deep Dwarf Fighter began the quest for the Orb.
     0 | D:1      | Reached XP level 1. HP: 20/20 MP: 1/1
   110 | D:1      | Reached skill level 3 in Axes
   133 | D:1      | Reached XP level 2. HP: 24/27 MP: 2/2
   553 | D:2      | Reached skill level 1 in Dodging
   553 | D:2      | Reached XP level 3. HP: 28/33 MP: 3/3
   693 | D:2      | Reached skill level 4 in Axes
   832 | D:2      | Found a shadowy altar of Dithmenos.
  1252 | D:3      | Reached XP level 4. HP: 32/40 MP: 4/4
  1497 | D:3      | Found a glowing drain.
  1531 | Sewer    | Entered a sewer
  1632 | Sewer    | Noticed a big kobold
  1654 | Sewer    | Killed a big kobold
  1654 | Sewer    | Reached skill level 5 in Axes
  1654 | Sewer    | Reached XP level 5. HP: 42/46 MP: 4/4
  1805 | Sewer    | Reached skill level 6 in Axes
  1908 | Sewer    | Reached XP level 6. HP: 37/55 MP: 5/5
  1921 | Sewer    | Reached skill level 7 in Axes
  2488 | D:3      | Noticed RottenKnight's ghost (amateur MfSu)
  2559 | D:3      | Killed RottenKnight's ghost
  2559 | D:3      | Reached skill level 8 in Axes
  2559 | D:3      | Reached XP level 7. HP: 38/61 MP: 5/5
  2630 | D:3      | Reached skill level 9 in Axes
  3364 | D:4      | Reached skill level 10 in Axes
  3364 | D:4      | Reached XP level 8. HP: 55/68 MP: 6/6
  3789 | D:4      | Found a staircase to the Ecumenical Temple.
  3802 | Temple   | Entered the Ecumenical Temple
  3840 | Temple   | Became a worshipper of Makhleb the Destroyer
  4093 | D:5      | Entered Level 5 of the Dungeon
  4323 | D:5      | Noticed Sigmund
  4351 | D:5      | Killed Sigmund
  4351 | D:5      | Reached skill level 11 in Axes
  4541 | D:5      | Reached skill level 12 in Axes
  4893 | D:6      | Reached * piety under Makhleb
  4950 | D:6      | Found Gozag's Platinum Reserve.
  4953 | D:6      | Found an opulent altar of Gozag.
  4963 | D:6      | Gained mutation: You passively map the area around you. [Deep Dwarf growth]
  4963 | D:6      | Reached XP level 9. HP: 65/74 MP: 7/7
  5146 | D:6      | Found a hide-covered altar of Uskayaw.
  5350 | D:6      | Found a glowing golden altar of the Shining One.
  5509 | D:7      | Reached skill level 13 in Axes
  5696 | D:7      | Reached ** piety under Makhleb
  5725 | D:7      | Noticed Menkaure
  5733 | D:7      | Killed Menkaure
  5733 | D:7      | Reached skill level 14 in Axes
  5994 | D:7      | Paralysed by a hornet for 1 turns
  6411 | D:8      | Reached XP level 10. HP: 20/81 MP: 7/7
  6468 | D:8      | Noticed Maurice
  6493 | D:8      | Killed Maurice
  6493 | D:8      | Reached skill level 15 in Axes
  6567 | D:8      | Found a bloodstained altar of Trog.
  6595 | D:8      | Found a stormy altar of Qazlal.
  6663 | D:8      | Noticed Joseph
  6684 | D:8      | Killed Joseph
  6694 | D:8      | Found a staircase to the Lair.
  6826 | D:8      | Noticed a two-headed ogre
  6837 | D:8      | Killed a two-headed ogre
  7277 | D:9      | Reached *** piety under Makhleb
  7412 | D:9      | Found a staircase to the Orcish Mines.
  7501 | D:9      | Reached skill level 16 in Axes
  7550 | D:9      | Reached skill level 5 in Armour
  7793 | D:10     | Entered Level 10 of the Dungeon
  7836 | D:10     | Found Cuila's Gadget Shop.
  7854 | D:10     | Reached XP level 11. HP: 93/93 MP: 5/5
  8139 | D:10     | Killed an unseen horror
  8139 | D:10     | Reached skill level 5 in Shields
  8152 | D:10     | Reached skill level 5 in Fighting
  8155 | D:10     | Reached **** piety under Makhleb
  8347 | D:11     | Noticed a brown ugly thing
  8347 | D:11     | Noticed an ogre mage
  8377 | D:11     | Noticed a two-headed ogre
  8390 | D:11     | Killed a two-headed ogre
  8396 | D:11     | Killed a brown ugly thing
  8433 | D:11     | Killed from afar by an ogre mage

Skill      XL: |  1  2  3  4  5  6  7  8  9 10 11 |
---------------+----------------------------------+-----
Axes           | 3 4 5 6 8 10 12 14 16 | 16.0
Dodging        | 1 2 |  2.0
Fighting       | 4 5 |  5.8
Armour         | 5 7 |  7.0
Shields        | 4 6 |  6.1
Stealth        | |  0.1

Action                   |  1- 3 |  4- 6 |  7- 9 | 10-12 || total
-------------------------+-------+-------+-------+-------++-------
Melee: War axe           |   118 |   234 |   469 |   299 ||  1120
Invok: Minor Destruction |       |       |       |     1 ||     1
       Lesser Servant of |       |       |       |     3 ||     3
 Abil: Heal Wounds       |       |     2 |    11 |     5 ||    18
  Use: Scroll            |       |     8 |     8 |     2 ||    18
       Potion            |       |       |       |     1 ||     1
  Eat: Chunk             |     1 |     5 |    12 |    10 ||    28
Armor: Scale mail        |    63 |    67 |   143 |    85 ||   358
Dodge: Dodged            |    39 |    72 |   124 |    65 ||   300
Block: Shield            |    70 |   119 |   186 |    95 ||   470
